 Dungeon Crawl Stone Soup version 0.27.0-1-g7a089689b8 (webtiles) character file.

Game seed: 2011201548510430585

3810 ABBCCCDDDD the Carver (level 10, -3/72 HPs)
             Began as a Djinni Fighter on Aug 5, 2021.
             Was a High Priest of Zin.
             Slain by a large abomination (23 damage)
             ... on level 2 of the Abyss.
             The game lasted 00:32:41 (12862 turns).

ABBCCCDDDD the Carver (Djinni Fighter)             Turns: 12862, Time: 00:32:42

Health: -3/72      AC: 12    Str: 24    XL:     10   Next: 39%
Gold:   122        EV:  7    Int: 10    God:    Zin [*****.] SH: 10 Dex: 13

rFire    + + .     SeeInvis .   D - +2 scimitar
rCold    x . .     Faith    +   c - +0 kite shield
rNeg     . . .     Spirit   .   G - +0 plate armour
rPois    ∞         Reflect  .   u - +0 hat
rElec    .         Harm     .   (no cloak)
rCorr    .         Rampage  .   (no gloves)
Will     ++...                  (boots unavailable)
Stlth    ..........             q - amulet of faith
HPRegen  0.22/turn              r - +6 ring of strength
MPRegen  0.00/turn              w - ring of willpower

@: about to teleport, flying
A: sickness immunity, fire resistance 2, cold vulnerability 1, float, innate
caster, hp casting, extra vitality 1
a: Renounce Religion, Recite, Vitalisation, Imprison, Sanctuary, Donate Gold


You were on level 2 of the Abyss.
You worshipped Zin.
Zin was extremely pleased with you.
You visited 1 branch of the dungeon, and saw 10 of its levels.
You visited the Abyss 1 time.
You also visited: Sewer.

You collected 427 gold pieces.
You spent 263 gold pieces at shops.
You donated 42 gold pieces to Zin.

Inventory:

Hand Weapons
 a - a +0 long sword
 j - a +0 short sword
 D - a +2 scimitar (weapon)
Missiles
 g - 19 poisoned darts (quivered)
Armour
 c - a +0 kite shield (worn)
 s - a +0 chain mail
 u - a +0 hat (worn)
 G - a +0 plate armour (worn)
Jewellery
 e - a ring of fire
 p - an amulet of the acrobat
 q - an amulet of faith (around neck)
 r - a +6 ring of strength (left hand)
 w - a ring of willpower (right hand)
Wands
 n - a wand of mindburst (7)
 x - a wand of flame (15)
Scrolls
 b - 2 scrolls of enchant armour {unknown}
 d - 3 scrolls of enchant weapon
 f - 3 scrolls of fog
 i - a scroll of silence
 y - a scroll of magic mapping
 z - 3 scrolls of blinking
 C - a scroll of fear
 J - a scroll of vulnerability {unknown}
Potions
 h - 2 potions of ambrosia
 l - a potion of cancellation
 t - a potion of resistance {unknown}
 v - 2 potions of magic {unknown}
 A - a potion of might
 B - 4 potions of curing
 E - a potion of degeneration {unknown}
 F - 2 potions of haste {unknown}
 I - 2 potions of flight {unknown}


   Skills:
 - Level 6.0 Fighting
 - Level 9.8 Long Blades
 - Level 5.0 Armour
 - Level 6.0 Dodging
 + Level 0.0 Stealth
 - Level 5.5 Shields


You couldn't memorise any spells.
You knew the following spells:

 Your Spells              Type           Power      Damage    Failure   Level
a - Beastly Appendage     Tmut           0%         N/A       100%        1
b - Call Imp              Summ           0%         N/A       100%        2
c - Confusing Touch       Hex            0%         N/A       100%        3
d - Summon Ice Beast      Ice/Summ       0%         N/A       100%        4
Your spell library was empty.


Dungeon Overview and Level Annotations

Branches:
Dungeon (10/15)            Temple (0/1) D:4           Sewer (visited)
   Lair: D:8-11         Orc: D:9-12

Altars:
Cheibriados
Dithmenos
Elyvilon
Gozag
Makhleb
Nemelex Xobeh
Okawaru
Qazlal
Ru
Sif Muna
Xom
Yredelemnul
Zin
The Shining One

Shops:
D:3 ?   D:7 :

Annotations:
D:3 Sigmund
D:7 2 transporters
D:10 Erolcha


Innate Abilities, Weirdness & Mutations

You are immune to sickness and miasma.
You are immune to poison.
Your flesh is very heat resistant. (rF++)
You are vulnerable to cold. (rC-)
You float through the air rather than walking.
You learn spells naturally, not from books.
Your magical power is your life essence.
You have superior vitality. (+4 HP)


Message History

The floor.
Found a ring mail.
A wretched star comes into view.
You block the small abomination's attack.
The wretched star pulses with an eldritch light!
Zin protects your body from mutation!
A hell hog comes into view.
The hell hog squeals angrily.
A hell hog comes into view.
The hell hog squeals angrily.
You hear a roar!
The hell hog breathes fire at you.
The fireball explodes!
The fireball engulfs you. You resist.
The fireball engulfs the small abomination!!
A hell hog comes into view.
You hear an angry squeal.
The hell hog squeals angrily.
As you read the scroll of teleportation, it crumbles to dust.
You feel strangely unstable.
You feel the power of the Abyss delaying your translocation!
The small abomination hits you but does no damage.
The wretched star pulses with an eldritch light!
Zin protects your body from mutation! The hell hog breathes fire at you.
The fireball explodes!
The fireball engulfs the hell hog.
The hell hog resists.
The fireball engulfs you! You resist.
A hell hog comes into view.
The hell hog bites you!
The hell hog squeals angrily.
A small abomination comes into view.
The wretched star pulses with an eldritch light!
Zin protects your body from mutation! The hell hog breathes fire at you.
The fireball explodes!
The fireball engulfs you! You resist. The hell hog bites you.
You block the large abomination's attack.
The large abomination hits you!!
* * * LOW HITPOINT WARNING * * *
It was a potion of curing.
You feel better.
You block the large abomination's attack.
The large abomination hits you!!
You die...

.* .....
........# ..
..# ##.
##.....###
....
.#.*.....x....
... .# #.##§
#x...##
....... .#.
#*....#
..##.....#.
#h....# #
##[..... ##.
#hh......
...########.
#X######. ##
### #... ##@#
#....
...####.### #
##... ..#...
.. ..# . ##..
##x## # .#.
##. .. ..


You could see a wretched star, 2 hell hogs, a large abomination and a small
abomination.

Vanquished Creatures
  2 centaur zombies
  A troll (D:8)
  Prince Ribbit (D:7)
  2 yaks
  3 steam dragons
  A water moccasin (D:7)
  2 orc warriors
  A sky beast (D:8)
  A hornet zombie (D:8)
  A black bear (D:10)
  A necrophage (D:5)
  An ice beast (D:7)
  2 ogres
  A phantom (D:4)
  2 bullfrogs (Sewer)
  A wyvern skeleton (D:6)
  2 scorpions (D:5)
  7 killer bees
  3 wights (D:6)
  2 electric eels (D:8)
  3 hounds
  An orc priest (D:7)
  A bullfrog skeleton (D:6)
  A gnoll shaman (D:8)
  A centaur skeleton (D:6)
  An iguana (D:6)
  An orc wizard (D:6)
  3 gnolls (D:8)
  12 adders
  2 river rats (D:4)
  An ufetubus (D:5)
  4 worms
  A dart slug (D:5)
  15 orcs
  5 bats
  4 endoplasms
  12 giant cockroaches
  6 goblins
  5 hobgoblins
  10 jackals
  7 quokkas
  14 ball pythons
  10 frilled lizards
  A goblin zombie (D:5)
  8 kobolds
  A quokka zombie (D:5)
  9 rats
176 creatures vanquished.

Vanquished Creatures (others)
  An orc (D:9)
  16 fungi (D:10)
  12 plants (D:10)
29 creatures vanquished.

Grand Total: 205 creatures vanquished

Notes
Turn   | Place    | Note
-------+----------+-------------------------------------------
     0 | D:1      | ABBCCCDDDD the Djinni Fighter began the quest for the Orb.
     0 | D:1      | Reached XP level 1. HP: 20/20 MP: 0/0
   214 | D:1      | Reached skill level 2 in Long Blades
   236 | D:1      | Reached XP level 2. HP: 22/25 MP: 0/0
   472 | D:1      | Found a faded altar of an unknown god.
   511 | D:1      | Became a worshipper of Zin the Law-Giver
   511 | D:1      | Reached * piety under Zin
   715 | D:1      | Reached XP level 3. HP: 30/30 MP: 0/0
   715 | D:1      | Learned a level 1 spell: Beastly Appendage
  1476 | D:2      | Reached XP level 4. HP: 35/36 MP: 0/0
  2232 | D:3      | Found a shimmering altar of Xom.
  2313 | D:3      | Found Riutauxt's Magic Scroll Shoppe.
  2322 | D:3      | Reached XP level 5. HP: 41/41 MP: 0/0
  2322 | D:3      | Learned a level 2 spell: Call Imp
  2332 | D:3      | Bought a scroll of identify for 22 gold pieces
  2367 | D:3      | Found an opulent altar of Gozag.
  2398 | D:3      | Noticed Sigmund
  2431 | D:3      | Found a shimmering altar of Xom.
  2431 | D:3      | Found a shimmering altar of Xom.
  2432 | D:3      | Found a shimmering altar of Xom.
  2734 | D:4      | Reached ** piety under Zin
  2781 | D:4      | Reached skill level 3 in Long Blades
  2782 | D:4      | Found a glowing drain.
  2861 | Sewer    | Entered a sewer
  3141 | Sewer    | Noticed a bullfrog
  3141 | Sewer    | Noticed a bullfrog
  3148 | Sewer    | Killed a bullfrog
  3149 | Sewer    | Reached XP level 6. HP: 9/48 MP: 0/0
  3718 | D:4      | Reached *** piety under Zin
  3927 | D:4      | Found a sparkling altar of Nemelex Xobeh.
  3990 | D:4      | Reached XP level 7. HP: 53/53 MP: 0/0
  3990 | D:4      | Learned a level 3 spell: Confusing Touch
  4044 | D:4      | Found a staircase to the Ecumenical Temple.
  4256 | D:3      | Found a stormy altar of Qazlal.
  4502 | D:5      | Entered Level 5 of the Dungeon
  4502 | D:5      | Noticed a wraith
  4554 | D:5      | Reached skill level 5 in Fighting
  4554 | D:5      | Reached skill level 4 in Long Blades
  4554 | D:5      | Reached skill level 5 in Shields
  5082 | D:5      | Found a sand-covered staircase.
  5112 | D:5      | Reached **** piety under Zin
  5201 | D:5      | Found a burning altar of Makhleb.
  5211 | D:5      | Found a basalt altar of Yredelemnul.
  5646 | D:6      | Reached XP level 8. HP: 24/60 MP: 0/0
  5848 | D:6      | Reached skill level 1 in Dodging
  5876 | D:6      | Found an iron altar of Okawaru.
  6401 | D:6      | Reached skill level 5 in Long Blades
  7423 | D:7      | Noticed Prince Ribbit
  7614 | D:7      | Found a transporter.
  7616 | D:7      | Found a snail-covered altar of Cheibriados.
  7646 | D:7      | Killed Prince Ribbit
  8028 | D:7      | Found Tithroitu's Book Shop.
  8082 | D:7      | Reached XP level 9. HP: 66/66 MP: 0/0
  8082 | D:7      | Learned a level 4 spell: Summon Ice Beast
  8611 | D:3      | Bought a scroll of summoning for 104 gold pieces
  8611 | D:3      | Bought a scroll of blinking for 82 gold pieces
  8611 | D:3      | Bought a scroll of teleportation for 33 gold pieces
  8611 | D:3      | Bought a scroll of identify for 22 gold pieces
  8696 | D:5      | Reached skill level 6 in Long Blades
  9343 | D:7      | Found a transporter.
  9376 | D:7      | Reached ***** piety under Zin
  9415 | D:7      | Reached skill level 7 in Long Blades
  9415 | D:7      | Reached skill level 5 in Armour
 10202 | D:8      | Reached skill level 5 in Dodging
 10600 | D:8      | Found a white marble altar of Elyvilon.
 10810 | D:9      | Found a glowing golden altar of the Shining One.
 10975 | D:9      | Reached skill level 8 in Long Blades
 11016 | D:8      | Reached XP level 10. HP: 59/72 MP: 0/0
 11178 | D:10     | Entered Level 10 of the Dungeon
 11349 | D:9      | Found a sacrificial altar of Ru.
 11395 | D:9      | Found a shadowy altar of Dithmenos.
 11665 | D:9      | Reached skill level 9 in Long Blades
 11876 | D:10     | Noticed Erolcha
 12722 | D:10     | Cast into level 2 of the Abyss (Erolcha)
 12757 | Abyss:2  | Noticed a phantasmal warrior
 12763 | Abyss:2  | Noticed a death knight
 12779 | Abyss:2  | Noticed a large abomination
 12832 | Abyss:2  | Noticed a large abomination
 12842 | Abyss:2  | Noticed a wretched star
 12849 | Abyss:2  | Noticed a hell hog
 12850 | Abyss:2  | Noticed a hell hog
 12850 | Abyss:2  | Noticed a hell hog
 12854 | Abyss:2  | Noticed a hell hog
 12862 | Abyss:2  | Slain by a large abomination

Illustrated notes

Levels and vault maps discovered:
D:1:      minmay_arrival_hallway, layout_loops_ring,
          hellmonk_ecumenical_altar_leap_of_faith
D:2:      layout_loops_ring
D:3:      layout_basic, mainiacjoe_overflow_24_doors,
          lemuel_coloured_pillars_altar, xom_redecorated, serial_shops,
          nicolae_diamond_shop, corexii_leaking_fountain, minmay_hedge_maze,
          st_stairs_6, uniq_sigmund
D:4:      layout_basic, nemelex_xobeh_ov_fountains_minmay, temple_green,
          portal_sewer_entry_c
D:5:      layout_cave_pools, amethyst_overflow_temple_binary, enter_ossuary_4,
          roderic_serpentine_path, grunt_ministairs_13
D:6:      layout_layer_cave, mainiacjoe_overflow_paths, minmay_splitting_lines
D:7:      gammafunk_cloud_chamber, layout_gridville,
          mainiacjoe_overflow_concentric_impassable, serial_shops,
          kennysheep_little_box, uniq_prince_ribbit1
D:8:      layout_basic, kennysheep_mini_moat, lemuel_tele_altar
D:9:      layout_basic, nicolae_ru_the_path_less_chosen,
          nicolae_overflow_hidden_temple, grunt_dithmenos_smoke_and_mirrors
D:10:     layout_basic, grunt_lair_entry_orc_guard_hut, uniq_erolcha
Abyss:2:  base:
D:3

Skill      XL: |  1  2  3  4  5  6  7  8  9 10 |
---------------+-------------------------------+-----
Long Blades    | 2 3 4 5 8 9 |  9.8
Fighting       | 4 5 6 |  6.0
Shields        | 4 5 |  5.5
Dodging        | 3 5 6 |  6.0
Armour         | 4 5 |  5.0

Action                   |  1- 3 |  4- 6 |  7- 9 | 10-12 || total
-------------------------+-------+-------+-------+-------++-------
Melee: Long sword        |   125 |   259 |   145 |       ||   529
       Scimitar          |       |       |   161 |    46 ||   207
Throw: Dart              |       |       |    51 |    30 ||    81
Invok: Recite            |       |       |       |     1 ||     1
Evoke: Wand              |       |       |    23 |     6 ||    29
  Use: Scroll            |       |     4 |     9 |     3 ||    16
       Potion            |       |     2 |     1 |     1 ||     4
Armor: Scale mail        |    64 |   111 |    47 |       ||   222
       Chain mail        |       |       |    99 |    15 ||   114
       Plate armour      |       |       |       |     2 ||     2
Dodge: Dodged            |    37 |   124 |   127 |    23 ||   311
Block: Kite shield       |    63 |    27 |   134 |    34 ||   258
       Buckler           |       |    51 |    37 |       ||    88
       Rpst.: Long sword |    10 |    41 |    15 |       ||    66
       Scimitar          |       |       |    17 |     6 ||    23
